[Event "CZE-ch 2020"]
[Site "Pilsen"]
[Date "2020.08.24"]
[Round "2.13"]
[White "Laznicka, Viktor"]
[Black "Vybiral, Zdenek"]
[Result "1-0"]
[ECO "E67"]
[WhiteElo "2638"]
[BlackElo "2221"]
[Annotator "ChessBase"]
[PlyCount "79"]
[EventDate "2020.08.23"]
[EventType "swiss"]
[EventCountry "CZE"]
[SourceTitle "playchess.com"]
[Source "ChessBase"]
[SourceQuality "1"]
[TimeControl "40/5400+30:1800+30"]

1. d4 d6 2. Nf3 Nf6 3. c4 g6 4. g3 Bg7 5. Bg2 O-O 6. Nc3 Nbd7 7. O-O e5 8. h3 exd4 9. Nxd4 Nb6 10. b3 d5 11. Ba3 Re8 12. Qc2 c6 13. Rfd1 Bd7 14. cxd5 Nbxd5 15. Na4 Qa5 16. Bb2 Rad8 17. a3 Bc8 18. e4 Nc7 19. Nc5 Qb6 20. b4 a5 21. bxa5 Qxa5 22. a4 Na6 23. Ndb3 Qc7 24. Nxa6 bxa6 25. Rxd8 Rxd8 26. Rc1 Qb6 27. Bc3 Re8 28. a5 Qb5 29. Qb2 Be6 30. Bxf6 Bxf6 31. Qxf6 Qxb3 32. Rxc6 Bc4 33. e5 Qb5 34. Kh2 Be6 35. h4 h5 36. Be4 Qa4 37. Bxg6 Qg4 38. Bd3 Qh3+ 39. Kg1 Rb8 40. Qh6 1-0

[Event "CZE-ch 2020"]
[Site "Pilsen"]
[Date "2020.08.24"]
[Round "2.14"]
[White "Novotny, Martin"]
[Black "Stocek, Jiri"]
[Result "0-1"]
[ECO "A04"]
[WhiteElo "2180"]
[BlackElo "2595"]
[Annotator "ChessBase"]
[PlyCount "84"]
[EventDate "2020.08.23"]
[EventType "swiss"]
[EventCountry "CZE"]
[SourceTitle "playchess.com"]
[Source "ChessBase"]
[SourceQuality "1"]
[TimeControl "40/5400+30:1800+30"]

1. Nf3 d6 2. d4 Nf6 3. c4 g6 4. Nc3 Bf5 5. g3 Ne4 6. Nxe4 Bxe4 7. Bg2 Bg7 8. O-O d5 9. Bf4 Nc6 10. Ne5 Bxe5 11. Bxe5 Bxg2 12. Kxg2 O-O 13. Rc1 dxc4 14. f3 b5 15. b3 f6 16. Bf4 Qxd4 17. bxc4 Qxd1 18. Rfxd1 b4 19. Bxc7 Rfc8 20. Bf4 a5 21. h4 Kf7 22. Rd7 Ra7 23. Rcd1 Rca8 24. R7d5 Ra6 25. Rb5 Rd8 26. Rxd8 Nxd8 27. Kf2 Nc6 28. Bd2 Nd4 29. Rb7 Nc2 30. e3 Na3 31. Rc7 Rd6 32. Be1 Rd1 33. Ke2 Ra1 34. c5 Rxa2+ 35. Kd3 Ke6 36. Rb7 Kd5 37. Ra7 b3 38. Bc3 b2 39. e4+ Kxc5 40. Bd4+ Kc6 41. Bxb2 Rxb2 42. Rxa5 Rb3+ 0-1

[Event "CZE-ch 2020"]
[Site "Pilsen"]
[Date "2020.08.24"]
[Round "2.15"]
[White "Michalik, Peter"]
[Black "Kawulok, Marek"]
[Result "1/2-1/2"]
[ECO "E63"]
[WhiteElo "2593"]
[BlackElo "2226"]
[Annotator "ChessBase"]
[PlyCount "73"]
[EventDate "2020.08.23"]
[EventType "swiss"]
[EventCountry "CZE"]
[SourceTitle "playchess.com"]
[Source "ChessBase"]
[SourceQuality "1"]
[TimeControl "40/5400+30:1800+30"]

1. d4 Nf6 2. c4 g6 3. g3 Bg7 4. Bg2 O-O 5. Nc3 d6 6. Nf3 Nc6 7. O-O a6 8. d5 Na5 9. b3 c5 10. dxc6 Nxc6 11. Bg5 Bf5 12. Rc1 Ne4 13. Nxe4 Bxe4 14. Qd2 Qb6 15. Bh6 Bxh6 16. Qxh6 Bxf3 17. exf3 Nd4 18. Qd2 e5 19. Rfe1 Rfe8 20. h4 Ne6 21. Rcd1 Rad8 22. h5 Qc7 23. f4 exf4 24. gxf4 Qe7 25. hxg6 hxg6 26. f5 gxf5 27. Qh6 Qf8 28. Qf6 Qg7 29. Qxf5 Nd4 30. Qd3 Re5 31. Re3 Rxe3 32. Qxe3 Ne6 33. Rd3 Kf8 34. Qd2 Qa1+ 35. Bf1 Qe5 36. Rg3 Ke7 37. Qe3 1/2-1/2

[Event "CZE-ch 2020"]
[Site "Pilsen"]
[Date "2020.08.24"]
[Round "2.16"]
[White "Malinovsky, Karel"]
[Black "Pokrupa, Marek"]
[Result "1/2-1/2"]
[ECO "C10"]
[WhiteElo "2474"]
[BlackElo "2164"]
[Annotator "ChessBase"]
[PlyCount "89"]
[EventDate "2020.08.23"]
[EventType "swiss"]
[EventCountry "CZE"]
[SourceTitle "playchess.com"]
[Source "ChessBase"]
[SourceQuality "1"]
[TimeControl "40/5400+30:1800+30"]

1. e4 e6 2. d4 d5 3. Nd2 dxe4 4. Nxe4 Nd7 5. Nf3 Ngf6 6. Bd3 Nxe4 7. Bxe4 Nf6 8. Bg5 Qd6 9. Bd3 Be7 10. O-O O-O 11. Qe2 Rd8 12. Ne5 h6 13. Be3 Bd7 14. Rad1 Be8 15. c3 Bf8 16. Bb1 c5 17. Qc2 g6 18. Qc1 cxd4 19. Bxd4 Qe7 20. c4 Bg7 21. Qc3 Rac8 22. Qe3 b6 23. b3 Nd7 24. g3 Nxe5 25. Bxe5 Bc6 26. Bxg7 Kxg7 27. Be4 Bxe4 28. Qxe4 Rxd1 29. Rxd1 Rd8 30. Rxd8 Qxd8 31. b4 Qd2 32. c5 bxc5 33. Qe5+ Kg8 34. bxc5 a5 35. h4 h5 36. Kg2 Qc2 37. Qb8+ Kg7 38. Qe5+ Kg8 39. a3 a4 40. Qb8+ Kg7 41. Qd6 Qe4+ 42. Kg1 Qe1+ 43. Kg2 Qe4+ 44. Kh2 Qe2 45. Kg2 1/2-1/2

[Event "CZE-ch 2020"]
[Site "Pilsen"]
[Date "2020.08.24"]
[Round "2.18"]
[White "Hollan, Martin"]
[Black "Jun, Rudolf"]
[Result "1-0"]
[ECO "E92"]
[WhiteElo "2346"]
[BlackElo "2094"]
[Annotator "ChessBase"]
[PlyCount "105"]
[EventDate "2020.08.23"]
[EventType "swiss"]
[EventCountry "CZE"]
[SourceTitle "playchess.com"]
[Source "ChessBase"]
[SourceQuality "1"]
[TimeControl "40/5400+30:1800+30"]

1. d4 Nf6 2. Nf3 g6 3. c4 Bg7 4. Nc3 O-O 5. e4 d6 6. Be2 e5 7. d5 a5 8. Bg5 Na6 9. Nd2 h6 10. Be3 Nc5 11. a3 Qe7 12. b4 Ncxe4 13. Ncxe4 Nxe4 14. Nxe4 f5 15. bxa5 fxe4 16. Qd2 Bd7 17. O-O Bf6 18. Rab1 Bg5 19. Rxb7 Bxe3 20. Qxe3 Rxa5 21. Qxh6 Be8 22. Bg4 Bf7 23. Be6 Bxe6 24. Qxg6+ Kh8 25. Qh6+ Kg8 26. dxe6 Rxa3 27. Qg6+ Kh8 28. Qxe4 Rc3 29. Qc6 Qxe6 30. Qxc7 Qg6 31. Rb8 Rxb8 32. Qxb8+ Kg7 33. Qc7+ Kh6 34. Rd1 Rd3 35. Rxd3 Qxd3 36. h3 Kg6 37. Qc8 Qb1+ 38. Kh2 Kf6 39. c5 dxc5 40. Qc6+ Kg5 41. Qxc5 Kf5 42. g4+ Ke6 43. Qe3 Kf6 44. h4 e4 45. Qf4+ Kg6 46. h5+ Kg7 47. Qg5+ Kf7 48. Qf5+ Kg7 49. g5 Qb8+ 50. Kg2 Qb7 51. h6+ Kh8 52. Qf8+ Kh7 53. Qg7+ 1-0

[Event "CZE-ch 2020"]
[Site "Pilsen"]
[Date "2020.08.24"]
[Round "2.20"]
[White "Nagy, Ladislav"]
[Black "Simek, Petr"]
[Result "1/2-1/2"]
[ECO "B30"]
[WhiteElo "2150"]
[BlackElo "2324"]
[Annotator "ChessBase"]
[PlyCount "77"]
[EventDate "2020.08.23"]
[EventType "swiss"]
[EventCountry "CZE"]
[SourceTitle "playchess.com"]
[Source "ChessBase"]
[SourceQuality "1"]
[TimeControl "40/5400+30:1800+30"]

1. e4 c5 2. Nf3 Nc6 3. Nc3 Nf6 4. Bb5 Nd4 5. e5 Nxb5 6. Nxb5 Nd5 7. Ng5 f6 8. c4 Nc7 9. Ne4 Nxb5 10. cxb5 d6 11. exd6 exd6 12. O-O Be7 13. Qh5+ g6 14. Qd5 Kf8 15. d4 Kg7 16. Bf4 Re8 17. Rfd1 cxd4 18. Rxd4 Qb6 19. Nxd6 Bxd6 20. Qxd6 Qxd6 21. Rxd6 Be6 22. Rc1 Re7 23. a3 Kf7 24. h3 Rc8 25. b6 Rxc1+ 26. Bxc1 axb6 27. Rxb6 Bd5 28. Bd2 Bc6 29. Bc3 f5 30. Rb4 Re4 31. Rxe4 Bxe4 32. f3 Bd3 33. Kf2 Ke6 34. g3 Kd5 35. Ke3 Bf1 36. h4 h5 37. Kf4 Ke6 38. Kg5 Kf7 39. Kf4 1/2-1/2

[Event "CZE-ch 2020"]
[Site "Pilsen"]
[Date "2020.08.24"]
[Round "2.21"]
[White "Placer, Sebastian"]
[Black "Serrano Salvador, Eduardo"]
[Result "0-1"]
[ECO "A50"]
[WhiteElo "2097"]
[BlackElo "2299"]
[Annotator "ChessBase"]
[PlyCount "72"]
[EventDate "2020.08.23"]
[EventType "swiss"]
[EventCountry "CZE"]
[SourceTitle "playchess.com"]
[Source "ChessBase"]
[SourceQuality "1"]
[TimeControl "40/5400+30:1800+30"]

1. d4 Nf6 2. c4 Nc6 3. Nf3 e6 4. Nc3 Bb4 5. Qc2 O-O 6. e3 d6 7. Be2 e5 8. O-O Bxc3 9. Qxc3 Qe7 10. Re1 a5 11. d5 Nb8 12. Nd2 c6 13. e4 b5 14. cxb5 cxd5 15. exd5 Nxd5 16. Qb3 Bb7 17. Bf3 a4 18. Qa3 Nd7 19. Nc4 Nc5 20. Bxd5 Bxd5 21. Nb6 Bxg2 22. Nxa8 Bxa8 23. Re3 Qb7 24. f3 Qxb5 25. b3 f5 26. bxa4 Qe8 27. Re2 Qh5 28. Rf2 f4 29. Bd2 e4 30. Bc3 exf3 31. Bd4 Qg4+ 32. Kh1 Ne4 33. Qb3+ Kh8 34. Rg1 Ng3+ 35. Rxg3 fxg3 36. hxg3 Qxd4 0-1

[Event "CZE-ch 2020"]
[Site "Pilsen"]
[Date "2020.08.24"]
[Round "2.24"]
[White "Laurincova, Kristyna"]
[Black "Vorisek, Jaroslav"]
[Result "0-1"]
[ECO "C60"]
[WhiteElo "2008"]
[BlackElo "2279"]
[Annotator "ChessBase"]
[PlyCount "84"]
[EventDate "2020.08.23"]
[EventType "swiss"]
[EventCountry "CZE"]
[SourceTitle "playchess.com"]
[Source "ChessBase"]
[SourceQuality "1"]
[TimeControl "40/5400+30:1800+30"]

1. e4 e5 2. Nf3 Nc6 3. Bb5 Nge7 4. c3 g6 5. O-O Bg7 6. d4 exd4 7. cxd4 a6 8. Ba4 b5 9. Bc2 d6 10. h3 O-O 11. Nc3 Na5 12. Bf4 Bb7 13. Qd3 Rc8 14. Rfd1 Nc4 15. Rab1 c5 16. d5 Qa5 17. Na4 Rfd8 18. Bxd6 Rxd6 19. Nxc5 Rxc5 20. b4 Rcxd5 21. bxa5 Rxd3 22. Rxd3 Rxd3 23. Bxd3 Nb2 24. Bc2 Nc6 25. Nd2 Nxa5 26. Kf1 Kf8 27. Ke2 Nbc4 28. Nxc4 Nxc4 29. Bd3 Nd6 30. f3 Bc3 31. Rc1 b4 32. Ke3 Ke7 33. Be2 a5 34. Rd1 g5 35. Bd3 Bc8 36. Kf2 Be6 37. Bb1 Nc4 38. Bc2 Nb2 39. Rh1 Bxa2 40. Ke3 Nc4+ 41. Kd3 Na3 42. Rd1 Bc4+ 0-1

[Event "CZE-ch 2020"]
[Site "Pilsen"]
[Date "2020.08.24"]
[Round "2.25"]
[White "Nemcova, Karin"]
[Black "Gloser, David"]
[Result "0-1"]
[ECO "B78"]
[WhiteElo "1983"]
[BlackElo "2248"]
[Annotator "ChessBase"]
[PlyCount "52"]
[EventDate "2020.08.23"]
[EventType "swiss"]
[EventCountry "CZE"]
[SourceTitle "playchess.com"]
[Source "ChessBase"]
[SourceQuality "1"]
[TimeControl "40/5400+30:1800+30"]

1. e4 c5 2. Nf3 d6 3. d4 cxd4 4. Nxd4 Nf6 5. Nc3 g6 6. Be3 Bg7 7. Bc4 Nc6 8. f3 O-O 9. Qd2 Bd7 10. O-O-O Qb8 11. Bb3 a5 12. Ndb5 a4 13. Nxa4 Na5 14. Qb4 Nxb3+ 15. axb3 Ra6 16. g4 Be6 17. h4 Nd7 18. g5 Ne5 19. f4 Nc6 20. Qd2 Rc8 21. Kb1 Qa8 22. Bb6 Rxa4 23. bxa4 Qxa4 24. Na3 Nb4 25. c4 Qb3 26. Kc1 Bxc4 0-1

[Event "CZE-ch 2020"]
[Site "Pilsen"]
[Date "2020.08.24"]
[Round "2.26"]
[White "Vojta, Jakub"]
[Black "Nemec, Pavel"]
[Result "1/2-1/2"]
[ECO "B54"]
[WhiteElo "2093"]
[BlackElo "2243"]
[Annotator "ChessBase"]
[PlyCount "80"]
[EventDate "2020.08.23"]
[EventType "swiss"]
[EventCountry "CZE"]
[SourceTitle "playchess.com"]
[Source "ChessBase"]
[SourceQuality "1"]
[TimeControl "40/5400+30:1800+30"]

1. e4 c5 2. Nf3 d6 3. d4 cxd4 4. Nxd4 Nf6 5. f3 Nc6 6. c4 e6 7. Nc3 Be7 8. Be3 O-O 9. Be2 d5 10. Nxc6 bxc6 11. O-O dxe4 12. fxe4 e5 13. Kh1 Qxd1 14. Rfxd1 Be6 15. Rac1 Bb4 16. b3 Rfd8 17. Bf3 Rxd1+ 18. Nxd1 a5 19. Nc3 Rd8 20. Rd1 Rxd1+ 21. Nxd1 Nd7 22. Nf2 Bc5 23. Bxc5 Nxc5 24. Bd1 Nd7 25. Bc2 Kf8 26. Kg1 Ke7 27. Nd3 c5 28. Nb2 g6 29. Nd1 f5 30. Ne3 f4 31. Nd5+ Kd6 32. Kf2 Nb8 33. Bd1 Nc6 34. g3 g5 35. h4 h6 36. hxg5 hxg5 37. g4 Nd4 38. Nf6 Bd7 39. Nxd7 Kxd7 40. a4 Kd6 1/2-1/2

[Event "CZE-ch 2020"]
[Site "Pilsen"]
[Date "2020.08.24"]
[Round "2.27"]
[White "Bartos, Jan"]
[Black "Riha, Vojtech"]
[Result "1-0"]
[ECO "E97"]
[WhiteElo "2131"]
[BlackElo "2270"]
[Annotator "ChessBase"]
[PlyCount "81"]
[EventDate "2020.08.23"]
[EventType "swiss"]
[EventCountry "CZE"]
[SourceTitle "playchess.com"]
[Source "ChessBase"]
[SourceQuality "1"]
[TimeControl "40/5400+30:1800+30"]

1. d4 Nf6 2. Nf3 g6 3. c4 Bg7 4. Nc3 d6 5. e4 O-O 6. Be2 e5 7. O-O Nc6 8. dxe5 dxe5 9. Bg5 Qe8 10. Nd5 Nxd5 11. cxd5 Nd4 12. Rc1 c6 13. dxc6 Nxc6 14. Be3 Qe6 15. Bc4 Qd7 16. Bc5 Re8 17. Ng5 Nd8 18. Qb3 h6 19. Rfd1 hxg5 20. Rxd7 Bxd7 21. Rd1 Be6 22. Qb5 Nc6 23. Bxe6 Rxe6 24. Qxb7 Rb8 25. Qxb8+ Nxb8 26. Rd8+ Kh7 27. Rxb8 Rc6 28. b4 g4 29. Kf1 Ra6 30. Rb7 Rxa2 31. Rxa7 Rb2 32. Rxf7 Kg8 33. Rb7 Bh6 34. b5 Rc2 35. Rc7 Bf8 36. Bd6 Rd2 37. Bxf8 Kxf8 38. b6 Rb2 39. b7 Rb1+ 40. Ke2 Rb2+ 41. Kd3 1-0

[Event "CZE-ch 2020"]
[Site "Pilsen"]
[Date "2020.08.24"]
[Round "2.28"]
[White "Toman, Ondrej"]
[Black "Folk, Petr"]
[Result "1/2-1/2"]
[ECO "A45"]
[WhiteElo "2233"]
[BlackElo "2122"]
[Annotator "RC"]
[PlyCount "97"]
[EventDate "2020.08.23"]
[EventType "swiss"]
[EventCountry "CZE"]
[SourceTitle "playchess.com"]
[Source "ChessBase"]
[SourceQuality "1"]
[TimeControl "40/5400+30:1800+30"]

1. d4 Nf6 2. Bg5 e6 3. e4 h6 4. Bxf6 Qxf6 5. Nc3 d6 6. Nf3 g5 7. e5 Qe7 8. Bb5+ Bd7 9. Qe2 Bg7 10. O-O-O a6 11. Bxd7+ Nxd7 12. exd6 cxd6 13. Rd3 Nb6 14. h4 O-O-O 15. a4 Qd7 16. b3 g4 17. Nd2 h5 18. a5 Nd5 19. Nxd5 exd5 20. Re1 Bf6 21. g3 Kb8 22. Nb1 Rc8 23. Qd2 Bg7 24. Kb2 Bh6 25. Qb4 Rhe8 26. Rdd1 Qc6 27. Na3 f5 28. Rxe8 Rxe8 29. Re1 Re4 30. Rxe4 fxe4 31. Qe1 Qe8 32. Nb1 Qb5 33. Na3 Qe8 34. c3 e3 35. fxe3 Qxe3 36. Nc2 Qe4 37. b4 Kc7 38. Qxe4 dxe4 39. d5 Bd2 40. Nd4 Be1 41. Ne2 Kd7 42. Kc2 Ke7 43. Kd1 Bf2 44. Kd2 Kf7 45. c4 Ke7 46. b5 Kd7 47. Kd1 Ke7 48. Kd2 Kd7 49. Kd1 1/2-1/2

[Event "CZE-ch 2020"]
[Site "Pilsen"]
[Date "2020.08.24"]
[Round "2.29"]
[White "Eret, Jonas"]
[Black "Koubova, Anna Marie"]
[Result "1/2-1/2"]
[ECO "A46"]
[WhiteElo "2219"]
[BlackElo "2099"]
[Annotator "ChessBase"]
[PlyCount "93"]
[EventDate "2020.08.23"]
[EventType "swiss"]
[EventCountry "CZE"]
[SourceTitle "playchess.com"]
[Source "ChessBase"]
[SourceQuality "1"]
[TimeControl "40/5400+30:1800+30"]

1. d4 Nf6 2. Nf3 e6 3. c3 d5 4. Bf4 Bd6 5. Bg3 O-O 6. Nbd2 c5 7. e3 Qc7 8. dxc5 Qxc5 9. Rc1 Bxg3 10. hxg3 Nc6 11. b4 Qd6 12. b5 Ne5 13. Nxe5 Qxe5 14. Bd3 h6 15. Qe2 Bd7 16. f4 Qd6 17. g4 e5 18. g5 Bg4 19. Qf2 exf4 20. Qxf4 Qxf4 21. exf4 hxg5 22. fxg5 Rae8+ 23. Kf2 Ne4+ 24. Bxe4 dxe4 25. Kg3 e3 26. Nc4 Be2 27. Rh4 f5 28. Nd6 Re5 29. Rf4 Rd5 30. Re1 Rxd6 31. Rxe2 Rd3 32. Kf3 Rxc3 33. Rxe3 Rc5 34. a4 a6 35. bxa6 bxa6 36. Re6 a5 37. Rd4 f4 38. g6 Rc3+ 39. Kf2 f3 40. gxf3 Rcxf3+ 41. Ke2 R3f6 42. Rxf6 gxf6 43. Rd7 Rb8 44. Ra7 Rb4 45. Rxa5 Kg7 46. Ra8 Kxg6 47. Kf3 1/2-1/2

[Event "CZE-ch 2020"]
[Site "Pilsen"]
[Date "2020.08.24"]
[Round "2.33"]
[White "Hlozek, David"]
[Black "Houska, Jiri"]
[Result "0-1"]
[ECO "B76"]
[WhiteElo "2037"]
[BlackElo "2202"]
[Annotator "ChessBase"]
[PlyCount "100"]
[EventDate "2020.08.23"]
[EventType "swiss"]
[EventCountry "CZE"]
[SourceTitle "playchess.com"]
[Source "ChessBase"]
[SourceQuality "1"]
[TimeControl "40/5400+30:1800+30"]

1. e4 c5 2. Nf3 d6 3. d4 cxd4 4. Nxd4 Nf6 5. Nc3 g6 6. Be3 Bg7 7. f3 O-O 8. Qd2 Nc6 9. O-O-O d5 10. Kb1 Nxd4 11. e5 Nf5 12. exf6 Bxf6 13. Nxd5 Qxd5 14. Qxd5 Nxe3 15. Qd2 Nxd1 16. Qxd1 Be6 17. Qc1 Rfd8 18. Bd3 Rd6 19. g4 Rad8 20. h4 Rb6 21. b3 a5 22. Qa3 Ra8 23. g5 Bg7 24. Qc5 Rd6 25. a4 Bxb3 26. Qb5 Bd5 27. Re1 e6 28. f4 Bc6 29. Qb6 Rd4 30. Bb5 Bd5 31. Kc1 Rxf4 32. Qc7 Rxh4 33. Rf1 e5 34. c4 Be6 35. Qxb7 Rc8 36. Rd1 Bf8 37. Re1 Rcxc4+ 38. Bxc4 Rxc4+ 39. Kd1 Bg4+ 40. Re2 Rxa4 41. Ke1 Bxe2 42. Kxe2 Rg4 43. Qd5 Rxg5 44. Qxa5 Rf5 45. Qd8 Kg7 46. Qh4 h5 47. Qe4 Be7 48. Qb7 Bf6 49. Qe4 h4 50. Qg2 Rf4 0-1

[Event "CZE-ch 2020"]
[Site "Pilsen"]
[Date "2020.08.24"]
[Round "2.34"]
[White "Simet, Martin"]
[Black "Benes, Miroslav"]
[Result "1-0"]
[ECO "D00"]
[WhiteElo "2194"]
[BlackElo "2011"]
[Annotator "ChessBase"]
[PlyCount "83"]
[EventDate "2020.08.23"]
[EventType "swiss"]
[EventCountry "CZE"]
[SourceTitle "playchess.com"]
[Source "ChessBase"]
[SourceQuality "1"]
[TimeControl "40/5400+30:1800+30"]

1. d4 d5 2. Bf4 Nf6 3. e3 e6 4. Nd2 Bd6 5. Bg3 c5 6. c3 Qc7 7. Ngf3 Nbd7 8. Rc1 O-O 9. Be2 b6 10. c4 Bb7 11. cxd5 exd5 12. dxc5 bxc5 13. Nd4 Bxg3 14. hxg3 Qa5 15. N4b3 Qb6 16. g4 h6 17. Qc2 Rac8 18. g5 hxg5 19. Qf5 Rfe8 20. Qxg5 Ne5 21. Nf3 Nxf3+ 22. gxf3 a5 23. Rg1 g6 24. Bd3 Nh7 25. Qh6 Nf8 26. Nd2 Qf6 27. b3 Ba6 28. Bb1 Qb2 29. Kd1 Qg7 30. Qh4 Rcd8 31. f4 d4 32. e4 d3 33. e5 a4 34. Rh1 axb3 35. axb3 Bc8 36. Ne4 Nd7 37. Nf6+ Kf8 38. Qh8+ Qxh8 39. Rxh8+ Ke7 40. Rxe8+ Rxe8 41. Nxe8 Kxe8 42. Bxd3 1-0

[Event "CZE-ch 2020"]
[Site "Pilsen"]
[Date "2020.08.24"]
[Round "2.36"]
[White "Kures, Michael"]
[Black "Pychova, Nela"]
[Result "1/2-1/2"]
[ECO "B77"]
[WhiteElo "2019"]
[BlackElo "2159"]
[Annotator "ChessBase"]
[PlyCount "91"]
[EventDate "2020.08.23"]
[EventType "swiss"]
[EventCountry "CZE"]
[SourceTitle "playchess.com"]
[Source "ChessBase"]
[SourceQuality "1"]
[TimeControl "40/5400+30:1800+30"]

1. e4 c5 2. Nf3 Nc6 3. d4 cxd4 4. Nxd4 g6 5. Nc3 Bg7 6. Be3 Nf6 7. f3 O-O 8. Bc4 d6 9. Qd2 Bd7 10. Bb3 Rc8 11. O-O-O Nxd4 12. Bxd4 b5 13. Nd5 Nxd5 14. Bxg7 Kxg7 15. Bxd5 a5 16. a3 b4 17. axb4 axb4 18. Qxb4 Rc5 19. Rd3 Rb5 20. Qd4+ e5 21. Qc4 Ra5 22. Ra3 Rxa3 23. bxa3 Qg5+ 24. Kb2 Qxg2 25. Qf1 Qd2 26. Qd1 Qa5 27. Bb3 Qb6 28. Qd3 Bb5 29. Qd5 Be2 30. Re1 Bxf3 31. Qd3 Bg4 32. Rf1 Be6 33. Rd1 Rd8 34. Rd2 f5 35. exf5 Bxf5 36. Qd5 Qe3 37. a4 Kh6 38. a5 Be6 39. Qg2 Bxb3 40. Rd3 Qa7 41. Rxb3 Rb8 42. Qd2+ Kg7 43. Qxd6 Rxb3+ 44. Kxb3 Qxa5 45. Qe7+ Kh6 46. Qh4+ 1/2-1/2

[Event "CZE-ch 2020"]
[Site "Pilsen"]
[Date "2020.08.24"]
[Round "2.38"]
[White "Paseka, Matyas"]
[Black "Babula ml., Vlastimil"]
[Result "1-0"]
[ECO "B93"]
[WhiteElo "1959"]
[BlackElo "2138"]
[Annotator "ChessBase"]
[PlyCount "107"]
[EventDate "2020.08.23"]
[EventType "swiss"]
[EventCountry "CZE"]
[SourceTitle "playchess.com"]
[Source "ChessBase"]
[SourceQuality "1"]
[TimeControl "40/5400+30:1800+30"]

1. e4 c5 2. Nf3 d6 3. d4 cxd4 4. Nxd4 Nf6 5. Nc3 a6 6. f4 e6 7. Bd3 Be7 8. e5 dxe5 9. fxe5 Nfd7 10. Nxe6 Qa5 11. Nxg7+ Kf8 12. Bh6 Qxe5+ 13. Ne2 Nf6 14. Nf5+ Ke8 15. Bf4 Qc5 16. Neg3 Nd5 17. Be5 Ne3 18. Nxe3 Qxe5 19. Qe2 Bc5 20. Nd5 Qxe2+ 21. Kxe2 Kd8 22. Rhf1 Nc6 23. Ne4 Bf8 24. Nb6 Bg4+ 25. Ke1 Rb8 26. Rxf7 Ne5 27. Rf2 Nxd3+ 28. cxd3 Bg7 29. Nf6 Bxf6 30. Rxf6 Re8+ 31. Kf2 Re6 32. Rf8+ Re8 33. Rxe8+ Kxe8 34. Re1+ Kf7 35. Nc4 Kf6 36. d4 Rd8 37. Re4 Be6 38. b3 Bf5 39. Rf4 Kg5 40. g3 Bb1 41. a3 b5 42. Nd2 Bc2 43. Ne4+ Bxe4 44. Rxe4 Kf6 45. Ke3 Rc8 46. d5 Rc3+ 47. Kd4 Rxb3 48. Re6+ Kf7 49. Rxa6 Rb2 50. Ra7+ Kg6 51. d6 Rxh2 52. d7 Rd2+ 53. Ke5 h5 54. Ra6+ 1-0

[Event "CZE-ch 2020"]
[Site "Pilsen"]
[Date "2020.08.25"]
[Round "3.3"]
[White "Finek, Vaclav"]
[Black "Polak, Tomas"]
[Result "1/2-1/2"]
[ECO "A05"]
[WhiteElo "2344"]
[BlackElo "2563"]
[Annotator "ChessBase"]
[PlyCount "80"]
[EventDate "2020.08.23"]
[EventType "swiss"]
[EventCountry "CZE"]
[SourceTitle "playchess.com"]
[Source "ChessBase"]
[SourceQuality "1"]
[TimeControl "40/5400+30:1800+30"]

1. Nf3 Nf6 2. c4 d6 3. d4 Bf5 4. g3 c6 5. Bg2 h6 6. O-O e6 7. Nc3 Nbd7 8. Re1 Ne4 9. Qb3 Qb6 10. Nh4 Nxc3 11. Nxf5 Qxb3 12. axb3 exf5 13. bxc3 Nf6 14. b4 d5 15. b5 cxb5 16. cxb5 Ne4 17. Bb2 Kd7 18. b6 a5 19. g4 fxg4 20. c4 Bb4 21. Rec1 f5 22. c5 Kc6 23. Rc2 a4 24. Ba3 Bxa3 25. Rxa3 Ra5 26. e3 Rb5 27. Rxa4 Rb1+ 28. Bf1 g5 29. Ra5 f4 30. Rca2 fxe3 31. Ra1 exf2+ 32. Kg2 Rxf1 33. Rxf1 Rf8 34. Ra2 h5 35. Raxf2 Nxf2 36. Rxf2 Rf4 37. Rxf4 gxf4 38. h4 f3+ 39. Kf2 Kd7 40. Kg3 Kc6 1/2-1/2

[Event "CZE-ch 2020"]
[Site "Pilsen"]
[Date "2020.08.25"]
[Round "3.6"]
[White "Babula, Vlastimil"]
[Black "Rabatin, Jakub"]
[Result "0-1"]
[ECO "E97"]
[WhiteElo "2571"]
[BlackElo "2291"]
[Annotator "ChessBase"]
[PlyCount "84"]
[EventDate "2020.08.23"]
[EventType "swiss"]
[EventCountry "CZE"]
[SourceTitle "playchess.com"]
[Source "ChessBase"]
[SourceQuality "1"]
[TimeControl "40/5400+30:1800+30"]

1. d4 Nf6 2. c4 g6 3. Nc3 Bg7 4. e4 d6 5. Nf3 O-O 6. Be2 e5 7. O-O Nc6 8. d5 Ne7 9. Bg5 h6 10. Bxf6 Bxf6 11. b4 Bg7 12. c5 f5 13. Nd2 Kh8 14. a4 Ng8 15. c6 bxc6 16. dxc6 Ne7 17. Bc4 Nxc6 18. Bd5 Bd7 19. b5 Nd4 20. Bxa8 Qxa8 21. Rc1 Rf7 22. Re1 fxe4 23. Ncxe4 Be6 24. Rc3 Qf8 25. f3 Qd8 26. Nf1 Bc8 27. Qd2 Kh7 28. Nfg3 d5 29. Nc5 Qf6 30. Kh1 h5 31. Qa2 h4 32. Nge4 Qd8 33. h3 Rf8 34. Nf2 Qg5 35. Ncd3 Qg3 36. Qxd5 Bxh3 37. Rg1 Ne2 38. Rxc7 Nxg1 39. Nxh3 Nxf3 40. gxf3 Qxh3+ 41. Kg1 Qg3+ 42. Kh1 Rxf3 0-1

[Event "CZE-ch 2020"]
[Site "Pilsen"]
[Date "2020.08.25"]
[Round "3.7"]
[White "Vorisek, Jaroslav"]
[Black "Nguyen, Thai Dai Van"]
[Result "0-1"]
[ECO "D30"]
[WhiteElo "2279"]
[BlackElo "2569"]
[Annotator "ChessBase"]
[PlyCount "52"]
[EventDate "2020.08.23"]
[EventType "swiss"]
[EventCountry "CZE"]
[SourceTitle "playchess.com"]
[Source "ChessBase"]
[SourceQuality "1"]
[TimeControl "40/5400+30:1800+30"]

1. d4 d5 2. c4 e6 3. g3 dxc4 4. Bg2 Nc6 5. Nf3 Rb8 6. O-O Nf6 7. Re1 Be7 8. e4 O-O 9. Nc3 b5 10. d5 exd5 11. exd5 Nb4 12. Nd4 Bg4 13. Qd2 Bd7 14. a4 a6 15. axb5 axb5 16. b3 Nd3 17. Rf1 Bc5 18. bxc4 bxc4 19. Nc2 Re8 20. Ba3 Bb6 21. Nd1 Ne4 22. Bxe4 Rxe4 23. Kg2 Qc8 24. Nde3 Bh3+ 25. Kg1 Bxf1 26. Rxf1 Qh3 0-1

[Event "CZE-ch 2020"]
[Site "Pilsen"]
[Date "2020.08.25"]
[Round "3.8"]
[White "Havelka, Josef"]
[Black "Stalmach, Richard"]
[Result "0-1"]
[ECO "B45"]
[WhiteElo "2367"]
[BlackElo "2273"]
[Annotator "ChessBase"]
[PlyCount "56"]
[EventDate "2020.08.23"]
[EventType "swiss"]
[EventCountry "CZE"]
[SourceTitle "playchess.com"]
[Source "ChessBase"]
[SourceQuality "1"]
[TimeControl "40/5400+30:1800+30"]

1. e4 c5 2. Nf3 Nc6 3. d4 cxd4 4. Nxd4 e6 5. Nc3 Nf6 6. Nxc6 bxc6 7. e5 Nd5 8. Ne4 Qc7 9. f4 f5 10. exf6 gxf6 11. Bc4 Qb6 12. Qh5+ Kd8 13. Bxd5 exd5 14. Nxf6 Be7 15. Ng4 Re8 16. Ke2 Ba6+ 17. Kf3 Bc5 18. h3 Kc7 19. Kg3 Re2 20. Rd1 Rg8 21. c3 Bf2+ 22. Kh2 Bg3+ 23. Kh1 Rxg4 24. Be3 Qxe3 25. hxg4 Rxg2 26. Qe5+ Qxe5 27. fxe5 Rxb2 28. Rg1 Rh2# 0-1

[Event "CZE-ch 2020"]
[Site "Pilsen"]
[Date "2020.08.25"]
[Round "3.9"]
[White "Brejnik, Gustav"]
[Black "Hollan, Martin"]
[Result "1/2-1/2"]
[ECO "E04"]
[WhiteElo "2265"]
[BlackElo "2346"]
[Annotator "ChessBase"]
[PlyCount "72"]
[EventDate "2020.08.23"]
[EventType "swiss"]
[EventCountry "CZE"]
[SourceTitle "playchess.com"]
[Source "ChessBase"]
[SourceQuality "1"]
[TimeControl "40/5400+30:1800+30"]

1. d4 Nf6 2. c4 e6 3. Nf3 d5 4. g3 dxc4 5. Bg2 a6 6. O-O Nc6 7. e3 Rb8 8. Nfd2 Qd7 9. Nxc4 b5 10. Ncd2 Be7 11. b3 O-O 12. Bb2 Rd8 13. Qe2 Bb7 14. Rd1 Nb4 15. Nf3 c5 16. a3 Nc6 17. Nc3 cxd4 18. Nxd4 Qe8 19. Nxc6 Bxc6 20. Rac1 Bxg2 21. Kxg2 Rdc8 22. Nb1 Rc6 23. Nd2 Rbc8 24. Nf3 Rxc1 25. Rxc1 Rxc1 26. Bxc1 Qc6 27. Bb2 Qd5 28. Qc2 Ne4 29. Kg1 Nxg3 30. hxg3 Qxf3 31. Qc8+ Bf8 32. Bd4 Qd1+ 33. Kh2 Qh5+ 34. Kg1 Qd1+ 35. Kh2 Qh5+ 36. Kg1 Qd1+ 1/2-1/2